 Dungeon Crawl Stone Soup version 0.24.0-123-gd5b16e6ec5 (webtiles) character file.

Game seed: 11148542795420552760, levelgen mode: deterministic

36 Johnny the Poker (level 3, -1/29 HPs)
             Began as a Demigod Gladiator on Jan 25, 2020.
             Slain by a sky beast (6 damage)
             ... on level 6 of the Dungeon.
             The game lasted 00:01:04 (1026 turns).

Johnny the Poker (Demigod Gladiator)                Turns: 1026, Time: 00:01:04

Health: -1/29      AC:  4    Str: 19    XL:     3   Next: 5%
Magic:  5/5        EV: 13    Int: 12    God:
Gold:   74         SH:  0    Dex: 17    Spells: 2/2 levels left

rFire    . . .     SeeInvis .   a - +0 trident
rCold    . . .     Gourm    .   (no shield)
rNeg     . . .     Faith    .   b - +0 leather armour
rPois    .         Spirit   .   c - +0 helmet
rElec    .         Reflect  .   (no cloak)
rCorr    .         Harm     .   (no gloves)
MR       .....                  (no boots)
Stlth    +.........             (no amulet)
HPRegen  0.09/turn              (no ring)
MPRegen  0.09/turn              (no ring)

@: no status effects
A: high mp 1
a: no special abilities


You were on level 6 of the Dungeon.
You were not hungry.

You visited 1 branch of the dungeon, and saw 4 of its levels.

You collected 74 gold pieces.

Inventory:

Hand Weapons
 a - a +0 trident (weapon)
Missiles
 d - 3 throwing nets (quivered)
Armour
 b - a +0 leather armour (worn)
 c - a +0 helmet (worn)
Jewellery
 j - an uncursed ring of see invisible {unknown}
Scrolls
 e - 2 scrolls of identify {unknown}
 g - 2 scrolls of teleportation {unknown}
 h - a scroll of fear {unknown}
 i - a scroll of enchant weapon {unknown}
 k - a scroll of remove curse {unknown}
Potions
 l - a potion of resistance {unknown}
 m - a potion of brilliance {unknown}
Comestibles
 f - 3 rations


   Skills:
 - Level 1.7 Fighting
 * Level 4.0 Polearms
 - Level 1.7 Throwing
 - Level 2.6 Dodging


You had 2 spell levels left.
You didn't know any spells.
Your spell library was empty.

Dungeon Overview and Level Annotations

Branches:
Dungeon (3/15)


Innate Abilities, Weirdness & Mutations

You have an increased reservoir of magic. (+10% MP)


Message History

The jackal misses you. The jackal misses you. The jackal closely misses you.
The jackal bites you but does no damage.
The jackal barely misses you.
Found a scroll labeled KUYFET XYOFI.
The jackal misses you. The jackal bites you.
A sky beast comes into view.
The jackal barely misses you. The sky beast hits you. The sky beast shocks you.
Found 20 stones.
You barely miss the sky beast.
The jackal bites you but does no damage.
The jackal bites you.
* * * LOW HITPOINT WARNING * * *
The sky beast hits you.
* * * LOW HITPOINT WARNING * * *
The sky beast shocks you.
You die...

........# #.# #.# #
......h.#....# #.####
........#.#### #ch...
#######.#.########.####
#.c...............(
#.....#########.###
#.hh..+ .......h#..
#hh?..# #######W#..
#.@...# ##(.$. #Y....#
#(.#.. .......#
###..#.C ...........
#....### #..(.........#
#......h #............#
#....... #............#
#....... #............#
#....... #.......


You could see a sky beast, a centaur and 4 jackals.

Vanquished Creatures
  2 oozes (D:1)
  A dart slug (D:1)
  3 orcs (D:3)
  3 bats
  4 goblins (D:1)
  3 hobgoblins
  A quokka (D:6)
  A kobold (D:1)
  4 rats (D:1)
22 creatures vanquished.

Notes
Turn   | Place    | Note
-------+----------+-------------------------------------------
     0 | D:1      | Johnny the Demigod Gladiator began the quest for the Orb.
     0 | D:1      | Reached XP level 1. HP: 17/17 MP: 3/3
    46 | D:1      | Reached skill level 3 in Polearms
    91 | D:1      | Reached XP level 2. HP: 19/24 MP: 4/4
   577 | D:3      | Reached XP level 3. HP: 5/29 MP: 5/5
   969 | D:3      | You fall into a shaft and drop 3 floors!
   969 | D:6      | Noticed a centaur
   974 | D:6      | Noticed a cyclops
   974 | D:6      | Noticed a phantom
   975 | D:6      | Noticed a wraith
   993 | D:6      | Reached skill level 4 in Polearms
  1023 | D:6      | Noticed a sky beast
  1026 | D:6      | Slain by a sky beast

Levels and vault maps discovered:
D:1:      grunt_arrival_lava_bath, layout_basic, chequers_avenue
D:2:      cheibrodos_pilgrimage, layout_loops_corners, minmay_cupped
D:3:      layout_loops_corners, serial_bayou_pond_d, makhleb_blood_cavern_becter
D:6:      layout_basic, minmay_chambers_of_fives

Skill      XL: |  1  2  3 |
---------------+----------+-----
Polearms       | 3 4 |  4.0
Fighting       | |  1.7
Throwing       | |  1.7
Dodging        | |  2.6

Action                   || total
-------------------------++-------
Melee: Trident           ||    53
Armor: Leather armour    ||    11
Dodge: Dodged            ||    36
